Map: Ascension to Aiur LE

Players

radgeRayden

  • Race: Zerg Zerg
  • League: Platinum
  • Spawn Location: 11:00

Fear - Winner!

  • Race: Terran Terran
  • League: Diamond
  • Spawn Location: 5:00

VOD

Have the link to the VOD?

Description

Time

  • Played on: Oct. 3, 2017, 1:15 p.m.
  • Length: 25:31
Show
View Real Time Build Order
Export as new Build Order

radgeRayden Zerg 

Build Orders: Hatch First, Swarm Host 

Get SALT Encoding   

  12  0:01  Drone  
  13  0:12  Overlord  
  13  0:18  Drone  
  14  0:31  Drone x2  
  14  0:34  Drone  
  17  0:57  Hatchery  
  16  1:07  Drone x3  
  19  1:12  Extractor  
  18  1:22  Spawning Pool  
  17  1:26  Drone  
  17  1:29  Drone  
  19  1:39  Drone  
  20  1:50  Overlord  
  20  2:10  Queen x2  
  20  2:13  Zergling x6  
  27  2:22  Metabolic Boost  
  27  2:25  Drone x2  
  29  2:36  Drone x2  
  31  2:46  Overlord  
  31  2:49  Queen  
  33  2:51  Drone  
  33  2:54  Drone  
  34  3:29  Zergling x2  
  34  3:30  Zergling x6  
  34  3:32  Overlord  
  34  3:33  Overlord  
  38  3:38  Hatchery  
  35  3:58  Drone x3  
  35  3:59  Drone x6  
  44  4:03  Pneumatized Carapace  
  44  4:08  Lair  
  44  4:12  Extractor  
  44  4:15  Drone x3  
  44  4:16  Extractor  
  45  4:25  Overlord, Drone x2  
  45  4:27  Drone x2  
  49  4:36  Drone  
  49  4:37  Drone x2  
  52  4:50  Evolution Chamber x2  
  52  4:52  Queen  
  50  4:57  Drone  
  50  4:58  Drone x5  
  50  4:59  Zergling x4  
  60  5:07  Queen  
  60  5:13  Baneling Nest  
  61  5:16  Hydralisk Den, Drone x3  
  61  5:18  Zerg Melee Weapons Level 1  
  63  5:26  Zerg Ground Armor Level 1  
  63  5:38  Drone x3  
  63  5:40  Overlord  
  63  5:41  Overlord x2  
  66  5:52  Muscular Augments  
  66  5:58  Extractor  
  66  6:02  Queen x2  
  68  6:08  Zergling x2  
  68  6:09  Zergling x20  
  68  6:10  Zergling x2  
  79  6:14  Overseer  
  79  6:16  Centrifical Hooks  
  79  6:18  Hydralisk  
  77  6:25  Baneling x2  
  79  6:26  Baneling  
  79  6:30  Baneling  
  79  6:32  Zergling x12  
  85  6:33  Zergling x6  
  88  6:46  Queen  
  88  6:49  Overlord x2  
  90  6:55  Overlord x2  
  90  7:07  Hydralisk x6  
  87  7:24  Zergling x10  
  87  7:25  Zergling x6  
  83  7:39  Zergling x8  
  77  7:47  Queen  
  79  7:54  Zerg Melee Weapons Level 2, Zerg Missile Weapons Level 1  
  79  7:57  Drone x2  
  79  7:58  Drone x2  
  83  8:07  Hatchery  
  83  8:09  Drone x3  
  85  8:13  Extractor, Zergling x2  
  85  8:14  Drone x2  
  85  8:15  Extractor  
  86  8:22  Baneling x7  
  86  8:23  Zergling x12  
  92  8:32  Overseer  
  92  8:37  Drone x3  
  92  8:38  Drone x3  
  98  8:45  Drone x2  
  98  8:46  Drone  
  98  8:47  Drone  
  102  8:59  Overlord x3  
  102  9:14  Infestation Pit  
  101  9:23  Queen  
  99  9:25  Hydralisk  
  99  9:26  Hydralisk x12  
  125  9:42  Extractor, Drone x5  
  125  9:43  Drone x3  
  125  9:45  Extractor  
  131  9:51  Overlord  
  131  9:52  Overlord x3  
  131  10:04  Queen x4  
  139  10:11  Hatchery  
  138  10:25  Spire  
  138  10:28  Spire  
  135  10:37  Zerg Missile Weapons Level 2, Zerg Ground Armor Level 2  
  134  10:44  Hive  
  134  10:46  Infestor  
  136  10:50  Overlord x3  
  136  11:09  Zergling x18  
  136  11:10  Zergling x26  
  158  11:12  Baneling x7  
  158  11:13  Baneling x2  
  158  11:17  Extractor  
  157  11:21  Extractor  
  142  11:39  Swarm Host  
  133  11:40  Swarm Host x7  
  133  11:45  Swarm Host  
  146  11:48  Swarm Host  
  146  11:50  Zergling x2  
  146  11:53  Hatchery  
  141  11:56  Zerg Flyer Weapons Level 1  
  141  12:01  Queen  
  139  12:14  Burrow  
  126  12:22  Drone x3  
  128  12:23  Drone x6  
  128  12:25  Overseer  
  128  12:29  Pathogen Glands  
  125  12:58  Hydralisk x9  
  125  12:59  Hydralisk x2  
  147  13:06  Extractor  
  147  13:07  Drone  
  147  13:08  Extractor, Drone x2  
  147  13:09  Drone x3  
  151  13:19  Drone x2  
  150  13:20  Drone x2  
  142  13:44  Hatchery  
  142  13:45  Mutalisk  
  142  13:46  Mutalisk x5  
  153  13:57  Hatchery, Zerg Missile Weapons Level 3  
  152  14:15  Overseer  
  152  14:31  Zergling x10  
  153  14:32  Zergling x28  
  153  14:38  Adrenal Glands  
  171  14:39  Zerg Ground Armor Level 3  
  172  14:52  Zergling x2  
  172  14:53  Zergling x16  
  162  15:08  Hydralisk x3  
  162  15:09  Hydralisk x4  
  165  15:23  Greater Spire  
  165  15:24  Drone x3  
  158  16:08  Zergling x8  
  158  16:09  Zergling x20  
  158  16:10  Hatchery  
  166  16:52  Drone  
  166  17:14  Hatchery  
  166  17:15  Hydralisk  
  156  17:16  Hydralisk x17  
  156  17:20  Zerg Flyer Weapons Level 2  
  156  17:22  Zerg Flyer Armor Level 1  
  183  17:29  Drone x2  
  185  17:30  Drone x2  
  185  17:38  Overseer  
  185  17:40  Zerg Melee Weapons Level 3  
  185  17:44  Ultralisk Cavern  
  185  17:49  Extractor  
  183  17:51  Extractor  
  183  17:52  Queen  
  183  18:06  Corruptor x4  
  183  18:07  Corruptor x2  
  195  18:29  Hatchery  
  194  18:37  Drone x3  
  197  18:56  Chitinous Plating  
  195  19:20  Spine Crawler  
  195  19:22  Spine Crawler  
  169  19:32  Zergling x10  
  169  19:33  Zergling x46  
  159  19:41  Brood Lord x3  
  159  19:42  Brood Lord x2  
  159  19:43  Zergling x12  
  171  20:02  Ultralisk x4  
  190  20:08  Drone x3  
  190  20:13  Baneling  
  193  20:14  Baneling x6  
  193  20:15  Baneling  
  181  20:25  Hydralisk  
  181  20:26  Hydralisk x10  
  163  20:49  Drone x3  
  167  20:50  Drone x5  
  167  20:51  Drone x4  
  175  21:08  Hatchery  
  172  21:14  Zergling x8  
  172  21:15  Zergling x2  
  172  21:17  Zergling x2  
  177  21:37  Zergling x2  
  177  22:00  Overlord x2  
  125  22:19  Zergling x20  
  86  23:19  Extractor  
  79  24:44  Extractor  
  63  25:16  Extractor  
Show
View Real Time Build Order
Export as new Build Order

Fear Terran - Winner!

Build Orders:  

Get SALT Encoding   

  12  0:01  SCV  
  13  0:13  SCV  
  14  0:17  Supply Depot  
  14  0:26  SCV  
  15  0:30  Refinery  
  15  0:39  SCV  
  16  0:48  Barracks  
  16  0:51  SCV  
  17  1:03  SCV  
  18  1:15  SCV  
  19  1:28  SCV  
  20  1:38  Marine  
  21  1:40  Orbital Command  
  21  1:53  Command Center  
  21  1:58  Marine  
  22  2:08  SCV  
  22  2:12  Refinery  
  23  2:17  Supply Depot  
  23  2:23  Barracks Reactor  
  23  2:39  SCV, Factory  
  24  2:51  SCV  
  25  3:01  Marine x2  
  25  3:03  SCV  
  28  3:15  SCV  
  29  3:27  SCV  
  30  3:34  Factory  
  30  3:41  Barracks Reactor  
  30  3:43  Hellion x2  
  33  3:50  SCV  
  34  3:58  Orbital Command  
  34  4:06  Hellion x2  
  38  4:11  Armory  
  38  4:17  SCV  
  39  4:29  SCV  
  40  4:32  SCV  
  40  4:37  Refinery  
  41  4:41  SCV, Supply Depot  
  41  4:44  Hellion x2  
  46  4:58  Terran Vehicle Weapons Level 1  
  46  5:00  Supply Depot  
  46  5:02  SCV x2, Hellion x2  
  46  5:03  Supply Depot  
  52  5:14  SCV x2  
  54  5:21  Cyclone x2  
  54  5:22  Supply Depot  
  54  5:25  Supply Depot  
  54  5:26  SCV x2  
  62  5:33  Cyclone  
  65  5:38  SCV  
  65  5:39  Cyclone  
  69  5:44  Command Center  
  69  5:54  SCV x2  
  69  5:55  Cyclone x2  
  77  6:04  Supply Depot  
  77  6:05  Supply Depot  
  77  6:21  SCV x2  
  77  6:22  Cyclone x2  
  85  6:26  Refinery  
  85  6:27  Cyclone  
  88  6:38  SCV  
  89  6:41  Engineering Bay, Cyclone  
  89  6:42  SCV  
  93  6:49  Supply Depot  
  93  6:51  Supply Depot  
  93  6:52  Factory  
  93  6:53  Factory  
  93  7:08  Terran Vehicle Weapons Level 2  
  85  7:29  Cyclone x4  
  83  7:30  SCV x2  
  79  7:40  Factory Tech Lab x2  
  79  7:42  SCV x2  
  72  7:49  Planetary Fortress  
  66  7:54  SCV x2  
  68  8:05  Cyclone  
  71  8:06  SCV  
  72  8:18  Refinery  
  72  8:21  Sensor Tower  
  72  8:22  Refinery  
  72  8:24  Siege Tank  
  72  8:26  SCV x2  
  78  8:27  SCV  
  78  8:31  Hellion x4  
  86  8:37  Hellion  
  86  8:38  SCV  
  86  8:39  SCV  
  90  8:47  Missile Turret  
  90  8:52  Hellion  
  90  8:53  Hellion x3  
  98  8:57  Hellion  
  98  8:58  Hellion  
  98  9:01  Hellion x5  
  102  9:05  SCV x2  
  102  9:06  SCV  
  105  9:11  Factory  
  105  9:14  Cyclone x2, Hellion  
  112  9:17  Factory  
  112  9:18  Factory  
  112  9:27  SCV x3  
  112  9:30  Sensor Tower  
  112  9:31  Hellion x3  
  121  9:35  Hellion  
  123  9:39  SCV  
  124  9:46  Hellion x2  
  124  9:49  Infernal Pre-Igniter, Command Center  
  124  9:52  Siege Tank  
  131  9:58  Supply Depot  
  131  9:59  Factory Tech Lab  
  131  10:00  Factory Tech Lab, Supply Depot  
  131  10:02  Factory Tech Lab  
  131  10:20  Siege Tank  
  134  10:22  Armory x2  
  134  10:24  Siege Tank  
  135  10:42  Siege Tank x3  
  144  10:43  SCV  
  144  10:44  SCV  
  144  10:45  Hellion  
  144  10:46  SCV  
  149  10:58  Terran Vehicle Weapons Level 3  
  149  11:01  SCV, Siege Tank, Hellion x4  
  143  11:40  Cyclone x3  
  143  11:41  Siege Tank x4  
  139  11:47  Siege Tank  
  133  12:04  Refinery  
  133  12:06  Refinery  
  102  12:16  Cyclone x2  
  102  12:17  Cyclone x2  
  102  12:18  Cyclone  
  114  12:25  Hellion x2, Cyclone  
  114  12:26  Hellion  
  123  12:34  SCV x3  
  123  12:35  SCV  
  127  12:46  SCV x3  
  127  12:47  SCV, Hellion, Cyclone  
  127  12:50  Terran Ship Weapons Level 1, Terran Vehicle And Ship Armor Level 1  
  130  12:58  SCV x3  
  130  13:12  Cyclone x3  
  143  13:13  Hellion x4  
  143  13:16  SCV x3  
  143  13:18  Hellion  
  143  13:19  Hellion  
  140  13:34  Cyclone x2, Hellion x2  
  140  13:39  Cyclone  
  140  13:40  Cyclone  
  149  13:44  Hellion x2, Cyclone  
  156  13:49  SCV x2  
  156  13:54  Planetary Fortress  
  156  13:55  Cyclone x2  
  164  14:08  Command Center  
  164  14:26  Siege Tank  
  164  14:28  Hellion  
  163  15:03  Siege Tank  
  163  15:05  Hellion  
  163  15:06  Command Center  
  164  15:10  Hellion x2  
  164  15:12  Hellion  
  160  15:15  Missile Turret x2, Thor  
  160  15:16  Missile Turret  
  160  15:17  Missile Turret  
  160  15:19  Thor x2  
  160  15:21  Missile Turret  
  164  15:34  Missile Turret x3  
  157  15:38  Missile Turret  
  157  15:39  Missile Turret  
  157  15:42  Missile Turret  
  157  15:48  Thor x2  
  163  15:56  Terran Vehicle And Ship Armor Level 2  
  163  15:57  Missile Turret  
  163  15:58  Thor  
  163  16:02  Thor x2  
  172  16:18  Hellion x3  
  178  16:30  Refinery  
  178  16:33  Refinery  
  178  16:34  Sensor Tower  
  178  16:38  Hellion  
  178  17:04  Hellion  
  179  17:11  Cyclone  
  179  17:34  Supply Depot  
  179  17:36  Command Center  
  179  17:37  Supply Depot  
  179  17:41  Supply Depot  
  179  17:44  Supply Depot  
  179  17:50  Supply Depot  
  178  17:56  Thor, Cyclone  
  187  17:58  Cyclone x2  
  187  18:03  Cyclone x2  
  187  18:05  Supply Depot  
  198  18:06  Command Center  
  198  18:18  Orbital Command  
  198  18:23  Refinery  
  198  18:25  Refinery  
  198  19:00  Factory Reactor  
  198  19:03  Missile Turret  
  198  19:05  Missile Turret  
  198  19:06  Missile Turret  
  198  19:10  Missile Turret  
  198  19:25  Cyclone  
  185  19:37  Cyclone  
  185  19:38  Cyclone x7  
  173  19:57  Cyclone  
  176  20:10  Cyclone x6  
  176  20:11  Cyclone x2  
  192  20:29  Cyclone  
  181  20:41  Command Center  
  181  20:42  Cyclone x4  
  166  20:43  Cyclone x4  
  169  20:52  Starport  
  169  20:54  Starport  
  169  21:01  Cyclone  
  157  21:14  Thor x3, Cyclone x3  
  157  21:15  Cyclone x2  
  180  21:33  Refinery, Cyclone  
  180  21:35  Refinery  
  167  21:47  Siege Tank  
  168  21:57  Siege Tank x2  
  168  21:58  Siege Tank  
  153  22:27  Siege Tank x2  
  141  22:39  Ghost Academy  
  141  22:41  Factory  
  116  23:27  Factory Tech Lab, Planetary Fortress  
  115  23:35  Barracks  
  110  24:06  Command Center  
  69  25:07  Supply Depot  
Tags
 
Add a new tag
Caveats
  • Supply blocks, unpowered buildings, or Contaminate may cause inaccurate times.
  • Supply counts are checked every 10 seconds.